UNITED STATES SILVER LEAGUE
TUSCALOOSA TIDE VS SAN FRANCISCO FOG
08/21/2014
 
TOP OF THE 1ST
San Francisco Fog batting - Pitching for Tuscaloosa Tide : RHP Bruce Sullivan
Pitching: RHP Bruce Sullivan
Batting: LHB Manuel Núñez 0-0: Called Strike
0-1: Ball
1-1: SINGLE (Groundball, 6D)
Batting: RHB David Gil 0-0: Swinging Strike
0-1: Ball
1-1: Swinging Strike
1-2: Ball
2-2: Foul Ball, location: 2F
2-2: Foul Ball, location: 2F
2-2: Foul Ball, location: 2F
2-2: Ball
3-2: Foul Ball, location: 2F
3-2: SINGLE (Line Drive, 9LS)
Manuel Núñez to second
Batting: RHB Fernando López 0-0: Ball
1-0: Called Strike
1-1: Foul Ball, location: 2F
1-2: Fly out, F9 (Flyball, 89M)
Batting: LHB Cristo Nieto 0-0: Called Strike
0-1: Called Strike
0-2: Ball
1-2: Foul Ball, location: 2F
1-2: 3-RUN HOME RUN (Line Drive, 89XD), Distance : 433 ft
Batting: RHB Pablo León 0-0: Called Strike
0-1: Ball
1-1: Ball
2-1: Called Strike
2-2: Strikes out swinging
Batting: RHB Mark Ross 0-0: Called Strike
0-1: Foul Ball, location: 2F
0-2: Foul Ball, location: 2F
0-2: Ball
1-2: Strikes out swinging
Top of the 1st over - 3 run(s), 3 hit(s), 0 error(s), 0 left on base; San Francisco 3 - Tuscaloosa 0
BOTTOM OF THE 1ST
Tuscaloosa Tide batting - Pitching for San Francisco Fog : RHP Dave Strong
Pitching: RHP Dave Strong
Batting: RHB Waylon Peterson 0-0: Foul Ball, location: 2F
0-1: Ball
1-1: Called Strike
1-2: Strikes out swinging
Batting: RHB Tomás Gonzáles 0-0: Called Strike
0-1: Ball
1-1: Ball
2-1: Ball
3-1: Foul Ball, location: 2F
3-2: Foul Ball, location: 2F
3-2: Base on Balls
Batting: RHB Nick McKnight 0-0: Ball
Throwing error on steal attempt, E2
Tomás Gonzáles to third
1-0: SINGLE (Line Drive, 4MD)
Tomás Gonzáles scores
Batting: LHB Jesús Vargas 0-0: Ball
1-0: Ball
2-0: Ball
3-0: Called Strike
3-1: Called Strike
3-2: Foul Ball, location: 2F
3-2: DOUBLE (Flyball, 7LD)
Nick McKnight to third
Runner from 3rd tries for Home, SAFE, throw made at trailing runner, SAFE at third!
Batting: LHB Daniel Clark 0-0: Called Strike
0-1: Foul Ball, location: 2F
0-2: Fly out, F8 (Flyball, 8RS)
Batting: RHB Juan Cabrera 0-0: Ball
1-0: Swinging Strike
1-1: Ball
2-1: Swinging Strike
2-2: Strikes out looking
Bottom of the 1st over - 2 run(s), 2 hit(s), 1 error(s), 1 left on base; San Francisco 3 - Tuscaloosa 2
TOP OF THE 2ND
San Francisco Fog batting - Pitching for Tuscaloosa Tide : RHP Bruce Sullivan
Batting: RHB Matt Mooney 0-0: Ball
1-0: Foul Ball, location: 2F
1-1: Ball
2-1: DOUBLE (Flyball, 89XD)
Batting: LHB Armando Esparza 0-0: Ball
1-0: Ball
2-0: Ground out U3 (Groundball, 3)
Matt Mooney to third
Batting: RHB Dave Strong 0-0: Ball
1-0: Ball
2-0: DOUBLE (Line Drive, 8LM)
Matt Mooney scores
Batting: LHB Manuel Núñez 0-0: Swinging Strike
0-1: Swinging Strike
0-2: Ball
1-2: Foul Ball, location: 2F
1-2: Ball
2-2: Ball
3-2: Foul Ball, location: 2F
3-2: Ground out 6-3 (Groundball, 6M)
Dave Strong to third
Batting: RHB David Gil 0-0: Ball
1-0: Foul Ball, location: 2F
1-1: Swinging Strike
1-2: Ball
2-2: Foul Ball, location: 2F
2-2: Foul Ball, location: 2F
2-2: Ball
3-2: Strikes out swinging
Top of the 2nd over - 1 run(s), 2 hit(s), 0 error(s), 1 left on base; San Francisco 4 - Tuscaloosa 2
BOTTOM OF THE 2ND
Tuscaloosa Tide batting - Pitching for San Francisco Fog : RHP Dave Strong
Batting: RHB Juan Jose Díaz 0-0: Fly out, F7 (Line Drive, 78M)
Batting: LHB Guillermo Martínez 0-0: DOUBLE (Groundball, 3L)
Pinch Hitting: RHB Dani Espinosa 0-0: Ball
1-0: Called Strike
1-1: DOUBLE (Line Drive, 8LM)
Guillermo Martínez scores
Batting: RHB Waylon Peterson 0-0: Called Strike
0-1: SINGLE (Groundball, 56)
Dani Espinosa to third
Runner from 3rd tries for Home, SAFE, throw made home
Waylon Peterson to second
Batting: RHB Tomás Gonzáles 0-0: Ball
1-0: Ball
Waylon Peterson steals 3rd base
2-0: Ball
3-0: Called Strike
3-1: Called Strike
3-2: Foul Ball, location: 2F
3-2: Ground out U3 (Groundball, 3)
Batting: RHB Nick McKnight 0-0: Called Strike
0-1: Ball
1-1: Ball
2-1: Foul Ball, location: 2F
2-2: Foul Ball, location: 2F
2-2: SINGLE (Groundball, 5L)
Waylon Peterson scores
Pitching: RHP Peter Scott
Batting: LHB Jesús Vargas 0-0: Called Strike
0-1: Foul Ball, location: 2F
0-2: Foul Ball, location: 2F
0-2: Strikes out swinging
Bottom of the 2nd over - 3 run(s), 4 hit(s), 0 error(s), 1 left on base; San Francisco 4 - Tuscaloosa 5
TOP OF THE 3RD
San Francisco Fog batting - Pitching for Tuscaloosa Tide : RHP Bruce Sullivan
Pitching: RHP Jake Chambers
Batting: RHB Fernando López 0-0: Fly out, F7 (Flyball, 7M)
Batting: LHB Cristo Nieto 0-0: Swinging Strike
0-1: Foul Ball, location: 2F
0-2: Ball
1-2: Strikes out looking
Batting: RHB Pablo León 0-0: SINGLE (Line Drive, 9S)
Batting: RHB Mark Ross 0-0: Ball
1-0: Ground out 1-3 (Groundball, 15)
Top of the 3rd over - 0 run(s), 1 hit(s), 0 error(s), 1 left on base; San Francisco 4 - Tuscaloosa 5
BOTTOM OF THE 3RD
Tuscaloosa Tide batting - Pitching for San Francisco Fog : RHP Peter Scott
Now at 1B: Alfred Roberts
Batting: LHB Daniel Clark 0-0: Called Strike
0-1: Swinging Strike
0-2: Ball
1-2: Ground out 4-3 (Groundball, 4M)
Batting: RHB Juan Cabrera 0-0: Ball
1-0: Fly out, F9 (Flyball, 89M)
Batting: RHB Juan Jose Díaz 0-0: Ball
1-0: Foul Ball, location: 2F
1-1: Swinging Strike
1-2: Foul Ball, location: 2F
1-2: Ball
2-2: Ball
3-2: Fly out, F6 (Popup, 56D)
Bottom of the 3rd over - 0 run(s), 0 hit(s), 0 error(s), 0 left on base; San Francisco 4 - Tuscaloosa 5
TOP OF THE 4TH
San Francisco Fog batting - Pitching for Tuscaloosa Tide : RHP Jake Chambers
Batting: RHB Matt Mooney 0-0: Ball
1-0: Ball
2-0: Ball
3-0: Called Strike
3-1: Called Strike
3-2: Foul Ball, location: 2F
3-2: Strikes out swinging
Batting: LHB Armando Esparza 0-0: Foul Ball, location: 2F
0-1: Foul Ball, location: 2F
0-2: Foul Ball, location: 2F
0-2: Ball
1-2: Fly out, F9 (Flyball, 9M)
Batting: RHB Peter Scott 0-0: Swinging Strike
0-1: Swinging Strike
0-2: Strikes out looking
Top of the 4th over - 0 run(s), 0 hit(s), 0 error(s), 0 left on base; San Francisco 4 - Tuscaloosa 5
BOTTOM OF THE 4TH
Tuscaloosa Tide batting - Pitching for San Francisco Fog : RHP Peter Scott
Batting: LHB Guillermo Martínez 0-0: Ball
1-0: Called Strike
1-1: Ground out U3 (Groundball, 3)
Batting: SHB Jake Chambers 0-0: Called Strike
0-1: DOUBLE (Flyball, 8RM)
Batting: RHB Waylon Peterson 0-0: SINGLE (Flyball, 89S)
Jake Chambers to third
Batting: RHB Tomás Gonzáles 0-0: Ball
1-0: Called Strike
1-1: Called Strike
1-2: Ball
2-2: Ball
3-2: Ground out 6-3 (Groundball, 6)
Jake Chambers scores
Waylon Peterson to second
Batting: RHB Nick McKnight 0-0: Foul Ball, location: 2F
0-1: SINGLE (Groundball, 5L)
Waylon Peterson to third
Runner from 3rd tries for Home, SAFE, no throw or cutoff
Batting: LHB Jesús Vargas 0-0: Ball
1-0: Called Strike
1-1: Ball
2-1: Ball
3-1: Base on Balls
Nick McKnight to second
Batting: LHB Daniel Clark 0-0: Ball
1-0: Ball
2-0: Swinging Strike
2-1: Foul Ball, location: 2F
2-2: 3-RUN HOME RUN (Flyball, 8RD), Distance : 435 ft
Pitching: LHP Ken Moss
Batting: RHB Juan Cabrera 0-0: Swinging Strike
0-1: Ball
1-1: Called Strike
1-2: Ball
2-2: Ground out 6-3 (Groundball, 6M)
Bottom of the 4th over - 5 run(s), 4 hit(s), 0 error(s), 0 left on base; San Francisco 4 - Tuscaloosa 10
TOP OF THE 5TH
San Francisco Fog batting - Pitching for Tuscaloosa Tide : RHP Jake Chambers
Batting: LHB Manuel Núñez 0-0: Ball
1-0: Ball
2-0: Foul Ball, location: 2F
2-1: Foul Ball, location: 2F
2-2: Foul Ball, location: 2F
2-2: Ball
3-2: Base on Balls
Batting: RHB David Gil 0-0: Called Strike
0-1: Called Strike
0-2: Ball
1-2: SINGLE (Groundball, 4M)
Manuel Núñez to second
Runner from 2nd tries for 3rd, SAFE, throw made to third
Batting: RHB Fernando López 0-0: Called Strike
0-1: Swinging Strike
0-2: Ball
1-2: Ball
2-2: Ball
3-2: Strikes out swinging
Batting: RHB Alfred Roberts 0-0: Called Strike
0-1: Foul Ball, location: 2F
0-2: Ball
1-2: Fly out, F4 (Popup, 4MD)
Batting: RHB Pablo León 0-0: Ball
1-0: Ball
2-0: SINGLE (Line Drive, 9M)
Manuel Núñez scores
David Gil to second
Runner from 2nd tries for 3rd, SAFE, throw made to third
Batting: RHB Mark Ross 0-0: Foul Ball, location: 2F
0-1: Ball
1-1: Foul Ball, location: 2F
1-2: Ball
2-2: Foul Ball, location: 2F
2-2: Ball
3-2: Foul Ball, location: 2F
3-2: Foul Ball, location: 2F
3-2: Foul Ball, location: 2F
3-2: Foul Ball, location: 2F
3-2: Ground out 4-3 (Groundball, 4)
Top of the 5th over - 1 run(s), 2 hit(s), 0 error(s), 2 left on base; San Francisco 5 - Tuscaloosa 10
BOTTOM OF THE 5TH
Tuscaloosa Tide batting - Pitching for San Francisco Fog : LHP Ken Moss
Batting: RHB Juan Jose Díaz 0-0: Called Strike
0-1: Ball
1-1: Ball
2-1: Ball
3-1: Called Strike
3-2: Base on Balls
Batting: LHB Guillermo Martínez 0-0: Called Strike
0-1: Ball
1-1: Swinging Strike
1-2: Ground out 3-1 (Groundball, 34)
Juan Jose Díaz to second
Batting: SHB Jake Chambers 0-0: Called Strike
0-1: Ball
Wild Pitch!
Juan Jose Díaz to third
1-1: Ball
Wild Pitch!
Juan Jose Díaz scores
2-1: Swinging Strike
2-2: Ball
3-2: Base on Balls
Batting: RHB Waylon Peterson 0-0: Ball
1-0: Swinging Strike
1-1: Foul Ball, location: 2F
1-2: Ball
2-2: SINGLE (Line Drive, 34)
Jake Chambers to second
Batting: RHB Tomás Gonzáles 0-0: Swinging Strike
0-1: Swinging Strike
0-2: Strikes out looking
Batting: RHB Nick McKnight 0-0: Called Strike
Passed Ball!
Jake Chambers to third
Waylon Peterson to second
0-1: Ground out 5-3 (Groundball, 5S)
Bottom of the 5th over - 1 run(s), 1 hit(s), 0 error(s), 2 left on base; San Francisco 5 - Tuscaloosa 11
TOP OF THE 6TH
San Francisco Fog batting - Pitching for Tuscaloosa Tide : RHP Jake Chambers
Batting: RHB Matt Mooney 0-0: SINGLE (Groundball, 25) (infield hit)
Batting: LHB Armando Esparza 0-0: Swinging Strike
0-1: Fly out, F8 (Flyball, 8RM)
Pinch Hitting: RHB Chris O'Colgley 0-0: Called Strike
0-1: Ball
1-1: SINGLE (Line Drive, 6M)
Matt Mooney to second
Batting: LHB Manuel Núñez 0-0: Ball
1-0: Foul Ball, location: 2F
1-1: Ball
2-1: Ball
3-1: Base on Balls
Matt Mooney to third
Chris O'Colgley to second
Batting: RHB David Gil 0-0: Foul Ball, location: 2F
0-1: Foul Ball, location: 2F
0-2: Ball
1-2: SINGLE (Line Drive, 34)
Matt Mooney scores
Chris O'Colgley to third
Manuel Núñez to second
Pitching: RHP Carlos Martínez
Batting: RHB Fernando López 0-0: Swinging Strike
0-1: Ball
1-1: Fly out, F7 (Flyball, 78S)
Batting: RHB Alfred Roberts 0-0: Ball
1-0: Ball
2-0: Swinging Strike
2-1: Swinging Strike
2-2: Ball
3-2: Strikes out swinging
Top of the 6th over - 1 run(s), 3 hit(s), 0 error(s), 3 left on base; San Francisco 6 - Tuscaloosa 11
BOTTOM OF THE 6TH
Tuscaloosa Tide batting - Pitching for San Francisco Fog : LHP Ken Moss
Pitching: RHP Júlio Magana
Batting: LHB Jesús Vargas 0-0: Swinging Strike
0-1: Ball
1-1: Ball
2-1: Ground out 1-3 (Groundball, 23)
Batting: LHB Daniel Clark 0-0: Ball
1-0: Called Strike
1-1: Ball
2-1: Foul Ball, location: 2F
2-2: Ground out 6-3 (Groundball, 6)
Batting: RHB Juan Cabrera 0-0: Ball
1-0: Called Strike
1-1: Fly out, F6 (Popup, 56)
Bottom of the 6th over - 0 run(s), 0 hit(s), 0 error(s), 0 left on base; San Francisco 6 - Tuscaloosa 11
TOP OF THE 7TH
San Francisco Fog batting - Pitching for Tuscaloosa Tide : RHP Carlos Martínez
Batting: RHB Pablo León 0-0: Called Strike
0-1: Ball
1-1: Ball
2-1: Ground out 4-3 (Groundball, 4M)
Batting: RHB Mark Ross 0-0: Swinging Strike
0-1: Called Strike
0-2: DOUBLE (Line Drive, 3D)
Batting: RHB Matt Mooney 0-0: Called Strike
0-1: Ball
1-1: Ball
2-1: Ball
3-1: Foul Ball, location: 2F
3-2: Foul Ball, location: 2F
3-2: Foul Ball, location: 2F
3-2: Base on Balls
Batting: LHB Armando Esparza 0-0: Ball
1-0: Ball
2-0: Ball
3-0: Base on Balls
Mark Ross to third
Matt Mooney to second
Pinch Hitting: RHB Manuel González 0-0: Ball
1-0: Ball
2-0: Foul Ball, location: 2F
2-1: Swinging Strike
2-2: Foul Ball, location: 2F
2-2: Ball
3-2: Foul Ball, location: 2F
3-2: Strikes out swinging
Batting: LHB Manuel Núñez 0-0: Ball
1-0: Foul Ball, location: 2F
1-1: Ball
2-1: Ball
3-1: Ground out 4-3 (Groundball, 34)
Top of the 7th over - 0 run(s), 1 hit(s), 0 error(s), 3 left on base; San Francisco 6 - Tuscaloosa 11
BOTTOM OF THE 7TH
Tuscaloosa Tide batting - Pitching for San Francisco Fog : RHP Júlio Magana
Pitching: RHP James Andrade
Batting: RHB Juan Jose Díaz 0-0: Ground out 6-3 (Groundball, 6M)
Batting: LHB Guillermo Martínez 0-0: Swinging Strike
0-1: Swinging Strike
0-2: Ball
1-2: Fly out, F6 (Popup, 56D)
Pinch Hitting: RHB Alberto Marte 0-0: Ball
1-0: Ball
2-0: Ground out 4-3 (Groundball, 4)
Bottom of the 7th over - 0 run(s), 0 hit(s), 0 error(s), 0 left on base; San Francisco 6 - Tuscaloosa 11
TOP OF THE 8TH
San Francisco Fog batting - Pitching for Tuscaloosa Tide : RHP Carlos Martínez
Pitching: RHP Woody Cook
Batting: RHB David Gil 0-0: Called Strike
0-1: Foul Ball, location: 2F
0-2: Ball
1-2: Ball
2-2: Strikes out swinging
Batting: RHB Fernando López 0-0: Ball
1-0: SINGLE (Line Drive, 8LS)
Batting: RHB Alfred Roberts 0-0: Ball
1-0: Foul Ball, location: 2F
1-1: Foul Ball, location: 2F
1-2: Ball
2-2: Grounds into double play, 4-6-3 (Groundball, 4M)
Top of the 8th over - 0 run(s), 1 hit(s), 0 error(s), 1 left on base; San Francisco 6 - Tuscaloosa 11
BOTTOM OF THE 8TH
Tuscaloosa Tide batting - Pitching for San Francisco Fog : RHP James Andrade
Batting: RHB Waylon Peterson 0-0: Called Strike
0-1: Ball
1-1: Called Strike
1-2: Ball
2-2: Foul Ball, location: 2F
2-2: SINGLE (Line Drive, 4D)
Batting: RHB Tomás Gonzáles 0-0: Ball
Wild Pitch!
Waylon Peterson to second
1-0: Called Strike
1-1: Swinging Strike
1-2: Ball
2-2: Foul Ball, location: 2F
2-2: Foul Ball, location: 2F
2-2: Ball
3-2: Foul Ball, location: 2F
3-2: Strikes out looking
Batting: RHB Nick McKnight 0-0: Ball
Waylon Peterson steals 3rd base
1-0: Foul Ball, location: 2F
1-1: Swinging Strike
1-2: Strikes out swinging
Batting: LHB Jesús Vargas 0-0: Ball
1-0: Called Strike
1-1: SINGLE (Flyball, 9LM)
Waylon Peterson scores
Batting: LHB Daniel Clark 0-0: Foul Ball, location: 2F
0-1: Called Strike
0-2: Ball
1-2: Strikes out swinging
Bottom of the 8th over - 1 run(s), 2 hit(s), 0 error(s), 1 left on base; San Francisco 6 - Tuscaloosa 12
TOP OF THE 9TH
San Francisco Fog batting - Pitching for Tuscaloosa Tide : RHP Woody Cook
Batting: RHB Pablo León 0-0: Swinging Strike
0-1: Ball
1-1: Swinging Strike
1-2: Ball
2-2: Ball
3-2: Ground out 6-3 (Groundball, 4MS)
Batting: RHB Mark Ross 0-0: Called Strike
0-1: Swinging Strike
0-2: Ball
1-2: Strikes out swinging
Batting: RHB Matt Mooney 0-0: Ball
1-0: Ball
2-0: Ball
3-0: Called Strike
3-1: Ground out 5-3 (Groundball, 56S)
Top of the 9th over - 0 run(s), 0 hit(s), 0 error(s), 0 left on base; San Francisco 6 - Tuscaloosa 12
This league is powered by Out of the Park Baseball, the baseball management simulation game for PC, Mac and Linux
Thursday, April 24th, 2014 - OOTP Baseball 14.6 Build 33